 Dungeon Crawl Stone Soup version 0.26.1-11-gd32895ea62 (webtiles) character file.

Game seed: 10976481152302350394

3218 Zeld the Geomancer (level 9, -18/45 HPs)
             Began as a Gargoyle Earth Elementalist on June 8, 2021.
             Was an Initiate of Sif Muna.
             Shot with a bolt by a yaktaur (24 damage)
             ... on level 7 of the Dungeon.
             The game lasted 00:20:29 (15033 turns).

Zeld the Geomancer (Gargoyle Earth Elementalist)   Turns: 15033, Time: 00:20:29

Health: -18/45     AC: 12    Str: 11    XL:     9   Next: 97%
Magic:  15/18      EV: 14    Int: 20    God:    Sif Muna [......]
Gold:   551        SH:  0    Dex: 10    Spells: 6/21 levels left

rFire    . . .     SeeInvis .   a - +0 quarterstaff (spect)
rCold    . . .     Faith    .   (shield currently unavailable)
rNeg     + . .     Spirit   .   c - +0 robe
rPois    ∞         Reflect  .   j - +3 helmet "Boppam" {+Fly}
rElec    +         Harm     .   (no cloak)
rCorr    .         Rampage  .   (no gloves)
Will     .....                  (no boots)
Stlth    ++........             (no amulet)
HPRegen  0.15/turn              (no ring)
MPRegen  0.16/turn              (no ring)

@: no status effects
A: negative energy resistance 1, electricity resistance, unbreathing,
petrification resistance, miasma immunity, AC +6
a: Renounce Religion, Evoke Flight


You were on level 7 of the Dungeon.
You worshipped Sif Muna.
Sif Muna was noncommittal.
You visited 2 branches of the dungeon, and saw 8 of its levels.

You collected 551 gold pieces.

Inventory:

Hand Weapons
 a - a +0 spectral quarterstaff (weapon)
Missiles
 f - 26 stones (quivered)
Armour
 c - a +0 robe (worn)
 j - the +3 helmet "Boppam" (worn) {+Fly}
   (You took it off Robin on level 3 of the Dungeon)

   It lets you fly.
Jewellery
 m - an uncursed ring of protection from fire
 p - an uncursed ring of protection from cold
Wands
 b - a wand of polymorph (9)
 g - a wand of enslavement (8)
 q - a wand of flame (11)
 w - a wand of acid (4)
Scrolls
 d - 2 scrolls of blinking
 h - 3 scrolls of remove curse
 k - 4 scrolls of teleportation
 n - 3 scrolls of identify
 s - a scroll of summoning {unknown}
Potions
 e - 5 potions of heal wounds
 i - 3 potions of resistance
 l - 2 potions of curing
 o - a potion of might {unknown}
 r - a potion of ambrosia {unknown}
 t - a potion of brilliance {unknown}
 u - a potion of flight {unknown}


   Skills:
 + Level 5.9 Dodging
 - Level 2.1 Stealth
 + Level 6.5 Spellcasting
 - Level 0.7 Transmutations
 * Level 11.8 Earth Magic


You had 6 spell levels left.
You knew the following spells:

 Your Spells              Type           Power        Failure   Level
a - Sandblast             Erth           100%         1%          1
b - Passwall              Tmut/Erth      25%          1%          2
c - Stone Arrow           Conj/Erth      60%          2%          3
d - Petrify               Tmut/Erth      31%          8%          4
e - Lee's Rapid Deconstr  Erth           26%          1%          5

Your spell library contained the following spells:

 Spells                   Type           Power        Failure   Level


Dungeon Overview and Level Annotations

Branches:
Dungeon (7/15)             Temple (1/1) D:7

Altars:
Ashenzari
Cheibriados
Dithmenos
Elyvilon
Fedhas
Gozag
Hepliaklqana
Kikubaaqudgha
Makhleb
Nemelex Xobeh
Okawaru
Ru
Sif Muna
Trog
Uskayaw
Xom
Yredelemnul

Annotations:
D:7 Zeld's ghost, amateur OpTm


Innate Abilities, Weirdness & Mutations

You are resistant to torment.
Your stone body is resilient. (AC +6)
You are immune to poison.
You resist negative energy. (rN+)
You are resistant to electric shocks. (rElec)
You can survive without breathing.
You are immune to petrification.
You are immune to miasma.


Message History

Done waiting.
You start waiting.
Done waiting.
You climb downwards.
Level annotation: Zeld's ghost, amateur OpTm
There is a stone staircase leading up here.
Casting: Passwall (safe; 1% risk of failure)
Confirm with . or Enter, or press ? or * to list all spells.
Aiming: Stone Arrow (dangerous; 2% risk of failure)
Press: ? - help, Shift-Dir - straight line, f - yaktaur
Aim: a yaktaur, wielding a +0 arbalest of freezing and quivering 19 bolts (6% to evade)
The stone arrow hits the yaktaur!
The yaktaur is lightly wounded.
The yaktaur shoots a bolt.
The bolt hits you!!
Ouch! That really hurt!
The bolt freezes you!
* * * LOW HITPOINT WARNING * * *
The yaktaur shoots a bolt.
The bolt hits you!!
Ouch! That really hurt!
You die...

.....................#
#####'#..............#
......#..............#
...^..##########.....#
...............#.....#
...............#.....#
...............#.....#
......##.?.c...#.....#
......##.......#@(...#
.............z.'.(...#
............c.)#.....############
...............#.................
...............#.................
...............#.................
...............#.................
...............#.................
...#############.................


You could see a yaktaur and a wight.

Vanquished Creatures
  A two-headed ogre (D:6)
  Grinder (D:3)
  Menkaure (D:7)
  Duvessa (D:3)
  An orc warrior (D:5)
  An ice beast (D:5)
  An ogre (D:7)
  2 bullfrogs
  Dowan (D:3)
  2 scorpions
  9 killer bees (D:7)
  5 howler monkeys
  5 orc wizards
  2 hounds
  2 jellies
  An orc priest (D:7)
  2 centaur skeletons
  A centaur zombie (D:2)
  A bullfrog skeleton (D:5)
  2 iguanas (D:5)
  Natasha (thrice) (D:4)
  5 worker ants
  A hound skeleton (D:6)
  Robin (D:3)
  7 gnolls
  9 adders
  A shadow imp (D:7)
  2 white imps (D:5)
  2 ufetubi
  An ooze (D:2)
  4 dart slugs
  8 leopard geckos
  30 orcs
  4 giant cockroaches
  20 goblins
  10 hobgoblins
  11 jackals
  4 quokkas
  2 ball pythons
  6 bats
  6 frilled lizards
  A jackal skeleton (D:4)
  10 kobolds
  A quokka skeleton (D:7)
  6 rats
197 creatures vanquished.

Notes
Turn   | Place    | Note
-------+----------+-------------------------------------------
     0 | D:1      | Zeld the Gargoyle Earth Elementalist began the quest for
                  | the Orb.
     0 | D:1      | Reached XP level 1. HP: 10/10 MP: 3/3
   139 | D:1      | You fall into a shaft and drop 1 floor!
   195 | D:2      | Reached skill level 4 in Earth Magic
   195 | D:2      | Reached XP level 2. HP: 15/15 MP: 3/5
   198 | D:2      | Learned a level 2 spell: Passwall
   620 | D:1      | Reached XP level 3. HP: 19/19 MP: 4/6
   624 | D:1      | Learned a level 3 spell: Stone Arrow
  1177 | D:1      | Found a broken altar of Ashenzari.
  1530 | D:2      | Reached XP level 4. HP: 24/24 MP: 4/7
  1775 | D:2      | Found a snail-covered altar of Cheibriados.
  1777 | D:2      | Reached skill level 5 in Earth Magic
  2239 | D:2      | Found a bloodstained altar of Trog.
  2332 | D:2      | Found a basalt altar of Yredelemnul.
  2335 | D:2      | Found a shimmering altar of Xom.
  2335 | D:2      | Found a stormy altar of Qazlal.
  2340 | D:2      | Reached XP level 5. HP: 21/28 MP: 4/9
  2341 | D:2      | Found a shimmering blue altar of Sif Muna.
  2341 | D:2      | Found a shimmering altar of Xom.
  2341 | D:2      | Found an ancient bone altar of Kikubaaqudgha.
  2849 | D:3      | Noticed Grinder
  2880 | D:3      | Killed Grinder
  2881 | D:3      | Reached skill level 6 in Earth Magic
  2881 | D:3      | Reached XP level 6. HP: 30/32 MP: 3/11
  2887 | D:3      | Learned a level 5 spell: Lee's Rapid Deconstruction
  3337 | D:4      | Noticed Dowan
  3338 | D:4      | Noticed Duvessa
  3375 | D:4      | Identified the +3 helmet "Boppam" {+Fly}
  3375 | D:4      | Noticed Robin
  3379 | D:4      | Noticed Natasha
  3590 | D:3      | Killed Robin
  3742 | D:3      | Reached skill level 7 in Earth Magic
  3743 | D:3      | Reached XP level 7. HP: 25/36 MP: 9/12
  5170 | D:4      | Killed Natasha
  5506 | D:4      | Noticed Natasha
  5515 | D:4      | Killed Natasha
  5823 | D:4      | Noticed Natasha
  5826 | D:4      | Killed Natasha
  5827 | D:4      | Reached skill level 8 in Earth Magic
  6285 | D:5      | Entered Level 5 of the Dungeon
  6285 | D:5      | Found an ancient bone altar of Kikubaaqudgha.
  6299 | D:5      | Found a sacrificial altar of Ru.
  6815 | D:5      | Reached XP level 8. HP: 38/41 MP: 1/14
  6876 | D:5      | Learned a level 4 spell: Petrify
  7326 | D:5      | Found a blossoming altar of Fedhas.
  9164 | D:3      | Killed Duvessa
  9165 | D:3      | Reached skill level 9 in Earth Magic
  9167 | D:3      | Killed Dowan
 10055 | D:5      | Found a sparkling altar of Nemelex Xobeh.
 11059 | D:5      | Found an ancient bone altar of Kikubaaqudgha.
 11071 | D:5      | Found a sacrificial altar of Ru.
 11133 | D:5      | Reached skill level 5 in Spellcasting
 11305 | D:5      | Found a blossoming altar of Fedhas.
 11581 | D:5      | Found a sparkling altar of Nemelex Xobeh.
 12176 | D:6      | Found an iron altar of Okawaru.
 12406 | D:6      | Reached skill level 10 in Earth Magic
 12467 | D:5      | Reached XP level 9. HP: 36/45 MP: 6/17
 12585 | D:6      | Noticed a two-headed ogre
 12630 | D:6      | Killed a two-headed ogre
 12631 | D:6      | Reached skill level 5 in Dodging
 13050 | D:7      | Noticed Menkaure
 13053 | D:7      | Killed Menkaure
 13054 | D:7      | Reached skill level 11 in Earth Magic
 13467 | D:7      | Found a staircase to the Ecumenical Temple.
 13470 | D:7      | Noticed Zeld's ghost (amateur OpTm)
 13472 | D:7      | Found a runed translucent gate.
 13472 | D:7      | Found a runed translucent gate.
 13472 | D:7      | Found a runed translucent gate.
 13472 | D:7      | Noticed a yaktaur
 13484 | Temple   | Entered the Ecumenical Temple
 13531 | Temple   | Became a worshipper of Sif Muna the Loreminder
 15033 | D:7      | Shot with a bolt by a yaktaur

Illustrated notes

Levels and vault maps discovered:
D:1:      saegor_arrival_simple_c, layout_loops_corners,
          nicolae_ashenzari_panopticon
D:2:      layout_loops_ring, lightli_temple_of_fire, doesnt_xom_only_xom,
          old_standard_altar, minmay_circle_x
D:3:      layout_basic, uniq_grinder
D:4:      layout_basic, corexii_checkpoint_a, uniq_robin, uniq_natasha,
          uniq_duvessa
D:5:      layout_loops_corners, nicolae_ru_great_annihilating_truth,
          fedhas_altar_fruit_tree, nemelex_xobeh_ov_fountains_minmay,
          basic_altar
D:6:      layout_cave_pools, kennysheep_little_box
D:7:      layout_gridville, minmay_temple_entry_statues_fountains,
          gammafunk_ghost_split, uniq_menkaure
Temple:   compressed_dpeg_triangle_lava_temple

Skill      XL: |  1  2  3  4  5  6  7  8  9 |
---------------+----------------------------+-----
Earth Magic    | 4 5 6 7 8 10 11 | 11.8
Dodging        | 2 3 4 5 |  5.9
Spellcasting   | 3 4 5 6 |  6.5
Stealth        | |  2.1
Transmutations | |  0.7

Action                   |  1- 3 |  4- 6 |  7- 9 || total
-------------------------+-------+-------+-------++-------
Melee: Unarmed           |    26 |    10 |   144 ||   180
       Quarterstaff      |       |       |    22 ||    22
 Cast: Sandblast         |    49 |    68 |   147 ||   264
       Stone Arrow       |       |       |    57 ||    57
       Passwall          |       |       |     3 ||     3
       Lee's Rapid Decon |       |       |    10 ||    10
Evoke: Wand              |       |       |     3 ||     3
  Use: Scroll            |       |     4 |     7 ||    11
 Stab: Sleeping          |       |       |     1 ||     1
Armor: Robe              |    22 |    12 |   126 ||   160
       Skin              |       |       |     1 ||     1
Dodge: Dodged            |    36 |    49 |   212 ||   297
